 Dungeon Crawl Stone Soup version 0.24.1-4-ge52af88ad5 (webtiles) character file.

Game seed: 16528632781714445857, levelgen mode: deterministic

67796 nightchill the Carver (level 14, -12/118 HPs)
             Began as a Vampire Gladiator on Apr 12, 2020.
             Was a Priest of Nemelex Xobeh.
             Mangled by a skeletal warrior
             ... wielding a +0 halberd
             ... led by a death knight
              (23 damage)
             ... on level 12 of the Dungeon on Apr 14, 2020.
             The game lasted 02:04:55 (28713 turns).

nightchill the Carver (Vampire Gladiator)          Turns: 28713, Time: 02:05:00

Health: -12/118    AC: 11    Str: 17    XL:     14   Next: 84%
Magic:  20/22      EV: 11    Int: 10    God:    Nemelex Xobeh [***...]
Gold:   1206       SH: 10    Dex: 17    Spells: 9/13 levels left

rFire    + + .     SeeInvis +   N - +4 scimitar (flame)
rCold    + . .     Gourm    .   R - +0 buckler
rNeg     . . .     Faith    .   Q - +1 chain mail {MR+}
rPois    +         Spirit   .   c - +0 helmet
rElec    .         Reflect  +   r - scarf {rC+ rF+}
rCorr    .         Harm     .   s - +0 pair of gloves
MR       ++...                  (no boots)
Stlth    ..........             G - +5 amulet of reflection
HPRegen  0.49/turn              g - ring of protection from fire
MPRegen  0.18/turn              k - ring of poison resistance

@: lethally poisoned (-12 -> -12), regenerating quickly, slowed, very slow
A: no food, fangs 3, talons 1, see invisible, dopey 1, strong 1, unbreathing,
subdued magic 1
a: Exsanguinate, Draw Escape, Draw Destruction, Draw Summoning, Triple Draw,
Renounce Religion


You were on level 12 of the Dungeon.
You worshipped Nemelex Xobeh.
Nemelex Xobeh was most pleased with you.
You were alive.

You visited 3 branches of the dungeon, and saw 20 of its levels.
You also visited: Sewer and Ice Cave.

You collected 2086 gold pieces.
You spent 880 gold pieces at shops.

Inventory:

Hand Weapons
 b - the +6 rapier "Beastslayer" {drain, rElec}
   (You found it on level 1 of the Lair of Beasts)

   A truly terrible weapon, it drains the life of those it strikes.
   It insulates you from electricity.
 e - the +8 hunting sling of Success {freeze, -Tele Int+6, unknown}
   (You found it in an ice cave)

   It causes projectiles fired from it to freeze those they strike, causing
   extra injury to most foes and up to half again as much damage against
   particularly susceptible opponents.
   They can also slow down cold-blooded creatures.
   It affects your intelligence (+6).
   It prevents most forms of teleportation.
 N - a +4 scimitar of flaming (weapon)
Missiles
 d - 3 throwing nets (quivered)
 L - 18 curare-tipped darts
Armour
 c - a +0 helmet (worn)
 r - a scarf of resistance (worn)
 s - a +0 pair of gloves (worn)
 Q - a +1 chain mail of magic resistance (worn)
 R - a +0 buckler (worn)
Jewellery
 g - a ring of protection from fire (left hand)
 k - a ring of poison resistance (right hand)
 G - a +5 amulet of reflection (around neck)
 S - an uncursed ring of positive energy
Wands
 q - a wand of acid (19)
 v - a wand of polymorph (3)
 E - a wand of disintegration (22)
 F - a wand of scattershot (1)
 K - a wand of paralysis (4)
 O - a wand of flame (5)
 X - a wand of enslavement (8)
Scrolls
 a - 2 scrolls of fear
 f - 4 scrolls of magic mapping {unknown}
 h - 2 scrolls of enchant weapon {unknown}
 i - a scroll of enchant armour {unknown}
 j - 21 scrolls of remove curse
 n - 6 scrolls of amnesia {unknown}
 p - 5 scrolls of immolation {unknown}
 w - 4 scrolls of holy word {unknown}
 x - 3 scrolls of random uselessness {unknown}
 D - a scroll of blinking {unknown}
 H - 7 scrolls of teleportation
 P - a scroll of brand weapon
 T - 2 scrolls of silence {unknown}
 U - a scroll of summoning
 W - a scroll of fog
Potions
 m - a potion of agility
 o - a potion of cancellation
 z - 4 potions of flight
 A - 2 potions of berserk rage
 B - a potion of magic
 C - 6 potions of curing
 I - 2 potions of lignification
 J - 3 potions of brilliance
 M - 2 potions of heal wounds
 V - 2 potions of mutation
Miscellaneous
 u - a lightning rod (4/4)
 Y - 2 boxes of beasts
 Z - a lamp of fire


   Skills:
 + Level 13.4 Fighting
 - Level 14.0 Long Blades
 - Level 1.5 Throwing
 - Level 0.1 Armour
 - Level 9.4 Dodging
 - Level 4.0 Shields
 * Level 5.0 Summonings
 * Level 5.1 Air Magic
 + Level 11.7 Invocations


You had 9 spell levels left.
You knew the following spells:

 Your Spells              Type           Power        Failure   Level  Hunger
a - Summon Lightning Spi  Summ/Air       #.......     100%        4    N/A

Your spell library contained the following spells:

 Spells                   Type           Power        Failure   Level  Hunger
 Confusing Touch          Hex            #.....       100%        1    N/A
 Magic Dart               Conj           #...         100%        1    N/A
 Searing Ray              Conj           #.....       100%        2    N/A
 Confuse                  Hex            #.......     100%        3    N/A
 Dazzling Spray           Conj/Hex       #.....       100%        3    N/A
 Gell's Gravitas          Tloc           #.........   100%        3    N/A
 Force Lance              Conj/Tloc      #.......     100%        4    N/A
 Fulminant Prism          Conj/Hex       #.........   100%        4    N/A
 Ice Form                 Ice/Tmut       #.......     100%        4    N/A
 Iskenderun's Mystic Bla  Conj           #.......     100%        4    N/A
 Petrify                  Tmut/Erth      #.......     100%        4    N/A
 Metabolic Englaciation   Hex/Ice        #.........   100%        5    N/A
 Silence                  Hex/Air        #.........   100%        5    N/A
 Yara's Violent Unravell  Hex/Tmut       #.........   100%        5    N/A
 Bolt of Cold             Conj/Ice       #.........   100%        6    N/A
 Conjure Ball Lightning   Conj/Air       #.........   100%        6    N/A
 Deflect Missiles         Chrm/Air       #.........   100%        6    N/A
 Freezing Cloud           Conj/Ice/Air   #.........   100%        6    N/A
 Ozocubu's Refrigeration  Ice            #.........   100%        6    N/A
 Simulacrum               Ice/Necr       #.........   100%        6    N/A
 Tornado                  Air            #.........   100%        9    N/A

Dungeon Overview and Level Annotations

Branches:
Dungeon (12/15)            Temple (0/1) D:4            Lair (6/6) D:9
 Shoals (0/4) Lair:2       Spider (0/4) Lair:2        Slime (0/5) Lair:6
    Orc (2/2) D:11            Elf (0/3) Orc:2         Sewer (visited)
  IceCv (visited)

Altars:
Elyvilon
Gozag
Kikubaaqudgha
Makhleb
Nemelex Xobeh
Qazlal
Trog
Xom
Yredelemnul
The Shining One

Shops:
D:5 *   D:7 [?!%[   D:11 (:*}   Orc:1 [   Orc:2 =[(}

Annotations:
D:7 exclusion: downstairs
D:8 2 transporters, 1 exclusion, hurston's ghost, novice GrFi
Lair:1 exclusion: downstairs
Lair:2 3 runed translucent doors, Duaji's ghost, journeyman GrFi
Lair:4 exclusion: 2 oklob plants


Innate Abilities, Weirdness & Mutations

You do not eat.
Your natural rate of healing is unusually fast.
You have razor-sharp teeth.
You have supernaturally acute eyesight. (SInv)
You can survive without breathing.
You have sharp toenails.
You are dopey. (Int -2)
Your muscles are strong. (Str +2)
Your spells are a little easier to cast, but a little less powerful.


Message History

You feel sick.
Your -1 long sword of Perfectionism {pain, +Fly rF- rC++ MP-9} hits the skeletal warrior.
You draw... (choose one card, ? for their descriptions)
a - the Cloud
b - the Cloud
c - the Tomb You have drawn the Cloud.
Clouds appear around you!
You can no longer deal four cards at a time.
You block the freezing wraith's attack.
The freezing wraith hits you but does no damage.
The skeletal warrior hits you from afar with a +0 halberd!!
* * * LOW HITPOINT WARNING * * *
The freezing wraith hits you but does no damage.
The freezing wraith barely misses you.
You feel sick.
Your -1 long sword of Perfectionism {pain, +Fly rF- rC++ MP-9} is engulfed in freezing vapours.
The skeletal warrior is engulfed in freezing vapours.
The skeletal warrior hits you from afar with a +0 halberd!!
You die...
Your body disappears without a glow.

#####'# #z(...+ #.# ##W....# #.#
#.)....# #.# #.....## #.#
#.....## #.# ###..(...#
######### #####(####.'......#
........######...§§§§#()#......+
[............#..@W..☼..##......#
........####.....☼z(§####......#
........# ###.......# #......#
.######## #.......# #......# ..#
#....(..# #.[)...# #.# ##.######
##)##### .# #.# #.## .# #.# #..#
####.#### ##.#


You could see a skeletal warrior, a freezing wraith and a friendly -1 long sword
of Perfectionism {pain, +Fly rF- rC++ MP-9}.

Vanquished Creatures
  An azure jelly (Orc:2)
  Fannar (D:10)
  A centaur warrior (D:11)
  A death knight (D:12)
  4 hydras
  A catoblepas (Lair:5)
  4 two-headed ogres
  6 death yaks
  A hell knight (D:10)
  A lindwurm (Lair:5)
  A shadow demon (IceCv)
  2 cyclopes
  An orc knight (Orc:1)
  2 orc sorcerers
  An ugly thing (D:12)
  2 manticores
  5 elephants
  Psyche (D:9)
  8 black mambas
  2 ice statues (IceCv)
  18 spiny frogs
  4 rime drakes (Lair:4)
  A kobold demonologist (D:11)
  4 komodo dragons
  A freezing wraith (D:12)
  10 ice devils (IceCv)
  A jumping spider (Lair:4)
  A polar bear (Lair:3)
  3 tyrant leeches (Lair:6)
  3 trolls
  9 blink frogs (Lair:6)
  2 dream sheep (D:8)
  7 hippogriffs
  6 wyverns
  A shadow (D:12)
  7 basilisks
  33 yaks
  Grum (Lair:1)
  2 golden eyes (Orc:2)
  A hungry ghost (D:11)
  Eustachio (D:4)
  6 vampire mosquitoes (Lair:6)
  A steam dragon (D:11)
  4 wargs (Orc:1)
  9 hell hounds
  11 porcupines
  7 water moccasins
  21 orc warriors
  2 ice beasts
  A phantom (D:5)
  2 sky beasts (D:11)
  2 black bears (D:6)
  A necrophage (D:10)
  A swamp drake (Lair:2)
  24 wolves
  13 ogres
  10 centaurs
  13 crocodiles
  6 big kobolds
  27 bullfrogs
  4 scorpions
  A killer bee (Lair:2)
  5 howler monkeys
  2 electric eels (Lair:6)
  5 crimson imps
  A quasit (D:9)
  4 bullfrog skeletons
  16 orc priests
  A centaur skeleton (D:5)
  8 hounds
  20 orc wizards
  An iguana (D:12)
  5 jellies
  6 worker ants
  A hound zombie (D:6)
  Robin (D:4)
  8 gnolls
  12 adders
  A shadow imp (D:6)
  19 white imps
  7 ufetubi (IceCv)
  16 oozes
  2 adder skeletons
  4 worms
  4 dart slugs
  16 leopard geckos
  76 orcs
  9 bats
  24 giant cockroaches
  18 goblins
  9 hobgoblins
  13 jackals
  20 kobolds
  6 quokkas
  15 ball pythons
  15 frilled lizards
  A jackal zombie (D:5)
  8 rats
  4 fungi (Lair:6)
  2 plants (Lair:6)
713 creatures vanquished.

Vanquished Creatures (collateral kills)
  2 hydras
  A two-headed ogre (D:8)
  A death yak (Lair:4)
  2 orc high priests (Orc:2)
  An orc knight (Orc:1)
  An orc sorcerer (Orc:2)
  Maurice (D:9)
  3 spiny frogs
  A yaktaur (Orc:1)
  4 blink frogs (Lair:6)
  4 hippogriffs
  3 yaks (Lair:6)
  2 basilisks (Lair:4)
  A wyvern (Lair:4)
  Edmund (D:5)
  2 water moccasins (Lair:6)
  A porcupine (Lair:2)
  An orc warrior (Orc:2)
  A swamp drake (Lair:2)
  A hornet zombie (D:9)
  A centaur (Lair:4)
  2 bullfrogs
  2 orc priests (D:5)
  A jelly (D:5)
  2 orc wizards (D:5)
  An ooze (Lair:4)
  2 leopard geckos
  A jackal (D:9)
  2 fungi (Lair:6)
48 creatures vanquished.

Vanquished Creatures (others)
  Erica (D:9)
  2 blink frogs (Lair:6)
  An orc warrior (Orc:2)
  A centaur (D:10)
  A killer bee (Lair:2)
  An orc wizard (Orc:2)
  An iguana (Lair:2)
  3 white imps (IceCv)
  An ufetubus (IceCv)
  2 ball lightnings
  A fire vortex (Lair:3)
  23 fungi
  57 plants
95 creatures vanquished.

Grand Total: 856 creatures vanquished

Notes
Turn   | Place    | Note
-------+----------+-------------------------------------------
     0 | D:1      | nightchill the Vampire Gladiator began the quest for the
                  | Orb.
     0 | D:1      | Reached XP level 1. HP: 16/16 MP: 1/1
   199 | D:1      | Reached XP level 2. HP: 22/22 MP: 2/2
   686 | D:2      | Reached XP level 3. HP: 24/27 MP: 3/3
   706 | D:2      | Found a basalt altar of Yredelemnul.
   742 | D:2      | Reached skill level 4 in Long Blades
   857 | D:2      | Reached XP level 4. HP: 20/34 MP: 4/4
   868 | D:2      | Gained mutation: You are dopey. (Int -2) [potion of
                  | mutation]
   868 | D:2      | Gained mutation: You have sharp toenails. [potion of
                  | mutation]
   868 | D:2      | Gained mutation: Your spells are a little easier to cast,
                  | but a little less powerful. [potion of mutation]
   868 | D:2      | Gained mutation: Your muscles are strong. (Str +2) [potion
                  | of mutation]
  1053 | D:2      | Found a stormy altar of Qazlal.
  1104 | D:2      | Found a white marble altar of Elyvilon.
  1294 | D:2      | Found a bloodstained altar of Trog.
  1563 | D:3      | Reached skill level 5 in Long Blades
  1583 | D:3      | Found a sparkling altar of Nemelex Xobeh.
  1590 | D:3      | Reached XP level 5. HP: 39/41 MP: 5/5
  1593 | D:3      | Became a worshipper of Nemelex Xobeh the Trickster
  1670 | D:3      | Received a gift from Nemelex Xobeh
  1722 | D:3      | Noticed Sigmund
  1727 | D:3      | Noticed Sigmund
  1727 | D:3      | Sigmund changed into Sigmund the hound
  1733 | D:3      | Killed Sigmund the hound
  2105 | D:4      | Found a glowing drain.
  2142 | Sewer    | Entered a sewer
  2188 | Sewer    | Reached skill level 1 in Invocations
  2294 | Sewer    | Reached XP level 6. HP: 47/47 MP: 6/6
  2559 | Sewer    | Reached skill level 6 in Long Blades
  2808 | D:4      | Received a gift from Nemelex Xobeh
  2818 | D:4      | Reached XP level 7. HP: 51/53 MP: 8/8
  2850 | D:4      | Reached * piety under Nemelex Xobeh
  2865 | D:4      | Found an ancient bone altar of Kikubaaqudgha.
  2873 | D:4      | Noticed Eustachio
  2876 | D:4      | Killed Eustachio
  2932 | D:4      | Found a staircase to the Ecumenical Temple.
  3068 | D:4      | Reached skill level 7 in Long Blades
  3211 | D:4      | Noticed Robin
  3236 | D:4      | Killed Robin
  3263 | D:4      | Received a gift from Nemelex Xobeh
  3523 | D:5      | Entered Level 5 of the Dungeon
  3656 | D:5      | Found Ruuteif's General Store.
  3682 | D:5      | Reached XP level 8. HP: 40/61 MP: 10/10
  3762 | D:5      | Noticed Edmund
  3780 | D:5      | Killed Edmund
  3781 | D:5      | Reached skill level 5 in Fighting
  3883 | D:5      | Reached skill level 8 in Long Blades
  4220 | D:6      | Reached ** piety under Nemelex Xobeh
  4886 | D:6      | Reached skill level 9 in Long Blades
  5007 | D:6      | Reached XP level 9. HP: 69/69 MP: 12/12
  5102 | D:6      | Found a burning altar of Makhleb.
  5102 | D:6      | Noticed a cacodemon
  5479 | D:7      | Found Ugeoxa's Distillery.
  5518 | D:7      | Found Vysash's Armour Boutique.
  5554 | D:7      | Found Konohoc's Food Boutique.
  5644 | D:7      | Found Beleyn's Antique Armour Shop.
  5907 | D:7      | Reached skill level 5 in Invocations
  6047 | D:7      | Found Ynosihos's Magic Scroll Boutique.
  6324 | D:8      | Noticed a two-headed ogre
  6346 | D:8      | Killed a two-headed ogre
  6346 | D:8      | Reached skill level 10 in Long Blades
  6490 | D:8      | Reached *** piety under Nemelex Xobeh
  6492 | D:8      | Found a shimmering altar of Xom.
  6548 | D:8      | Noticed hurston's ghost (novice GrFi)
  6567 | D:8      | Found a transporter.
  6591 | D:8      | Found a transporter.
  6862 | D:8      | Reached XP level 10. HP: 51/77 MP: 14/14
  6931 | D:8      | Noticed a three-headed hydra
  6939 | D:8      | Killed a one-headed hydra
  6939 | D:8      | Reached skill level 11 in Long Blades
  7215 | D:8      | Found an opulent altar of Gozag.
  7375 | D:9      | Noticed Erica
  7376 | D:9      | Received a gift from Nemelex Xobeh
  7384 | D:9      | Noticed Maurice
  7385 | D:9      | Killed Erica
  7393 | D:9      | Killed Maurice
  7598 | D:9      | Noticed Psyche
  7615 | D:9      | Killed Psyche
  7911 | D:9      | Found a staircase to the Lair.
  7981 | D:9      | Reached skill level 12 in Long Blades
  8263 | D:9      | Reached **** piety under Nemelex Xobeh
  8464 | Lair:1   | Entered Level 1 of the Lair of Beasts
  8465 | Lair:1   | Noticed Grum
  8810 | Lair:1   | Killed Grum
  9068 | Lair:1   | Received a gift from Nemelex Xobeh
  9088 | Lair:1   | Noticed a black mamba
  9179 | Lair:1   | Noticed a spiny frog
  9183 | D:9      | Reached XP level 11. HP: 47/86 MP: 16/16
  9779 | Lair:1   | Got an ancient rapier
 10113 | Lair:1   | Received a gift from Nemelex Xobeh
 10713 | Lair:2   | Found a runed translucent gate.
 10713 | Lair:2   | Found a runed translucent gate.
 10713 | Lair:2   | Found a runed translucent gate.
 10834 | Lair:2   | Identified the +3 scale mail "Jusmoot" {rElec MR- Str+6}
 10834 | Lair:2   | Noticed a minotaur
 10837 | Lair:2   | Noticed Duaji's ghost (journeyman GrFi)
 10998 | Lair:2   | Reached skill level 13 in Long Blades
 11451 | Lair:2   | Found a hole to the Spider Nest.
 11582 | Lair:2   | Received a gift from Nemelex Xobeh
 12029 | Lair:2   | Found a staircase to the Shoals.
 12388 | D:7      | Bought a scroll of identify for 20 gold pieces
 12388 | D:7      | Bought 3 scrolls of identify for 60 gold pieces
 12761 | Lair:3   | Received a gift from Nemelex Xobeh
 12852 | Lair:3   | Noticed an eight-headed hydra
 12870 | Lair:3   | Killed a three-headed hydra
 13099 | Lair:3   | Reached XP level 12. HP: 56/96 MP: 18/18
 13538 | Lair:3   | Found a glowing golden altar of the Shining One.
 13618 | Lair:3   | Reached skill level 14 in Long Blades
 14200 | Lair:4   | Noticed a four-headed hydra
 14201 | Lair:4   | Killed a four-headed hydra
 14202 | Lair:4   | Noticed an eight-headed hydra
 14210 | Lair:4   | Reached skill level 10 in Fighting
 14210 | Lair:4   | Reached skill level 5 in Dodging
 14213 | Lair:4   | Noticed an entropy weaver
 14213 | Lair:4   | a six-headed hydra changed into an entropy weaver
 14213 | Lair:4   | an entropy weaver changed into a jumping spider
 14887 | Lair:4   | Noticed a four-headed hydra
 14895 | Lair:4   | Killed a one-headed hydra
 15016 | Lair:5   | Received a gift from Nemelex Xobeh
 15315 | Lair:4   | Identified the +6 rapier "Beastslayer" {drain, rElec} (You
                  | found it on level 1 of the Lair of Beasts)
 15381 | Lair:5   | Reached skill level 1 in Shields
 15517 | Lair:5   | Noticed a catoblepas
 15539 | Lair:5   | Killed a catoblepas
 15762 | Lair:5   | Received a gift from Nemelex Xobeh
 15910 | Lair:5   | Noticed a five-headed hydra
 15920 | Lair:5   | Killed a two-headed hydra
 15920 | Lair:5   | Reached skill level 10 in Invocations
 16349 | Lair:5   | Noticed a death yak
 16386 | Lair:5   | Reached XP level 13. HP: 97/105 MP: 20/20
 16921 | Lair:5   | Received a gift from Nemelex Xobeh
 17386 | Lair:6   | Entered Level 6 of the Lair of Beasts
 17625 | Lair:6   | Found a staircase to the Slime Pits.
 17740 | Lair:6   | Received a gift from Nemelex Xobeh
 17837 | Lair:6   | Reached ***** piety under Nemelex Xobeh
 20319 | Lair:6   | Received a gift from Nemelex Xobeh
 21021 | D:10     | Entered Level 10 of the Dungeon
 21065 | D:10     | Identified a scroll of acquirement
 21079 | D:10     | Got a transparent great sword
 21085 | D:10     | Identified the +0 great sword "Zesuv" {slice, Int+6} (You
                  | acquired it on level 10 of the Dungeon)
 21264 | D:10     | Reached XP level 14. HP: 113/116 MP: 22/22
 21511 | D:10     | HP: 3/116 [hell knight/bolt of fire (7)]
 21829 | D:10     | Received a gift from Nemelex Xobeh
 21836 | D:10     | Noticed Fannar
 21848 | D:10     | Killed Fannar
 22733 | D:11     | Found Xelapnou's Antique Weapon Boutique.
 23016 | D:11     | Received a gift from Nemelex Xobeh
 23032 | D:11     | Found Uxel's Gadget Boutique.
 23141 | D:11     | Found Mankuu's Assorted Antiques.
 23375 | D:11     | Found Yviettye's Book Boutique.
 23383 | D:11     | Bought a book of the Sky for 780 gold pieces
 23388 | D:11     | Learned a level 4 spell: Summon Lightning Spire
 23549 | D:11     | Identified the +5 flail "Fomus" {venom, Str+4}
 23594 | D:11     | Reached skill level 1 in Summonings
 23594 | D:11     | Reached skill level 1 in Air Magic
 23810 | D:11     | Found a staircase to the Orcish Mines.
 24013 | Orc:1    | Entered Level 1 of the Orcish Mines
 24160 | Orc:1    | Found Wofis's Antique Armour Shop.
 24190 | Orc:1    | Received a gift from Nemelex Xobeh
 24459 | Orc:2    | Entered Level 2 of the Orcish Mines
 25320 | Orc:2    | Found a bloodstained altar of Trog.
 25385 | Orc:1    | Noticed an orc warlord
 25387 | Orc:1    | Noticed an azure jelly
 25387 | Orc:1    | an orc warlord changed into an azure jelly
 25409 | Orc:2    | Killed an azure jelly
 25927 | Orc:2    | Found a staircase to the Elven Halls.
 26738 | Orc:2    | Found Sinar's Gadget Emporium.
 26738 | Orc:2    | Found Pimi's Jewellery Boutique.
 26740 | Orc:2    | Found Xywiweqo's Antique Weapon Emporium.
 26740 | Orc:2    | Found Searoal's Armour Boutique.
 27170 | D:7      | Bought a scroll of identify for 20 gold pieces
 27292 | D:12     | Received a gift from Nemelex Xobeh
 27550 | D:12     | Found a frozen archway.
 27559 | IceCv    | Entered an ice cave
 28033 | IceCv    | Noticed a reaper
 28035 | IceCv    | a reaper changed into a green death
 28216 | IceCv    | Got a twisted hunting sling
 28317 | IceCv    | Reached skill level 5 in Air Magic
 28690 | D:12     | Identified the -1 long sword of Perfectionism {pain, +Fly
                  | rF- rC++ MP-9}
 28705 | D:12     | Reached skill level 5 in Summonings
 28713 | D:12     | Mangled by a skeletal warrior

Levels and vault maps discovered:
D:1:      nagdon_arrival_double_spiral, layout_basic
D:2:      layout_basic, lightli_temple_of_fire, overflow_temple_1_default,
          nicolae_overflow_crystal_walls, first_ration, elyvilon_altar_3
D:3:      layout_loops_ring, minivault_19, nemelex_spade_bored_becter,
          uniq_sigmund
D:4:      layout_gridville, lemuel_crystal_altar,
          minmay_temple_entry_sparse_star, gup_sewer_entry_pipe, uniq_robin,
          uniq_eustachio
D:5:      layout_rooms, serial_shops, kennysheep_little_box, uniq_edmund
D:6:      layout_loops_corners, makhleb_altar_promises_db
D:7:      layout_loops_ring, serial_shops, shop, kennysheep_mini, shop, shop,
          shop_scrolls, kennysheep_generic_room_13
D:8:      layout_rooms, old_standard_altar, gammafunk_ghost_stat_death,
          hangedman_ranch [blue_anna_fruit_fields], minmay_misc_feat_rows,
          fungi_pond_lemuel, xom_teletrap_fun
D:9:      layout_big_octagon, david_lair_generic, hangedman_corner_corridor,
          uniq_erica, uniq_maurice, uniq_psyche
D:10:     layout_irregular_city, minmay_rotating_lava, uniq_fannar
D:11:     layout_loops_ring, david_orc_4, serial_shops, shop_statue, shop, shop,
          nicolae_shop_trees
D:12:     layout_roguey, portal_ice_cave_entry_imps
Lair:1:   layout_hall_layers, uniq_grum
Lair:2:   layout_cave_pods, minmay_shoals_entry_beasts, spider_nest_entry_a,
          maelrawn_ghost_gauntlet_escape, grunt_forest_large_clearings
Lair:3:   layout_regular_city, lemuel_centaur_altar, grunt_megastairs_2
Lair:4:   layout_loops_ring, special_room [special_room_mythical_zoo],
          minmay_lair_oklob_chamber
Lair:5:   layout_layer_cave, nicolae_lair_yak_garden, lemuel_fruit_tree,
          serial_bayou_shore_b
Lair:6:   minmay_lair_end_frog_pond, layout_cave_pods,
          nicolae_slime_entry_slimehenge
Orc:1:    layout_diamond_mine, serial_shops, shop_fountains
Orc:2:    grunt_orc_tribal_feast, layout_caves, trog_book

Skill      XL: |  1  2  3  4  5  6  7  8  9 10 11 12 13 14 |
---------------+-------------------------------------------+-----
Fighting       | 2 3 4 5 6 8 9 10 12 13 | 13.4
Long Blades    | 4 5 6 7 9 10 12 13 14 | 14.0
Invocations    | 1 2 3 4 6 7 8 10 11 | 11.7
Dodging        | 6 8 9 |  9.4
Shields        | 3 4 |  4.0
Summonings     | 5 |  5.0
Air Magic      | 5 |  5.1
Throwing       | |  1.5
Armour         | |  0.1

Action                   |  1- 3 |  4- 6 |  7- 9 | 10-12 | 13-15 || total
-------------------------+-------+-------+-------+-------+-------++-------
Melee: Long sword        |    76 |   275 |   288 |   185 |       ||   824
       Bite              |     9 |    25 |    39 |    80 |   125 ||   278
       Kick              |       |    75 |   116 |   222 |   341 ||   754
       Falchion          |       |       |       |     3 |       ||     3
       Scimitar          |       |       |       |   371 |   966 ||  1337
Invok: Deal Four         |       |       |       |     3 |     9 ||    12
       Triple Draw       |       |       |       |     2 |     3 ||     5
 Abil: Draw Destruction  |       |     3 |    10 |     9 |     6 ||    28
       Draw Summoning    |       |       |     4 |     8 |     6 ||    18
       Draw Escape       |       |       |     1 |       |       ||     1
Evoke: Wand              |       |       |       |     6 |     6 ||    12
  Use: Potion            |       |     2 |       |     1 |     1 ||     4
       Scroll            |       |       |     9 |     6 |     8 ||    23
 Stab: Sleeping          |     1 |       |       |       |       ||     1
       Distracted        |       |       |       |     1 |       ||     1
Armor: Ring mail         |    25 |   110 |    64 |     8 |       ||   207
       Leather armour    |     1 |       |       |       |       ||     1
       Chain mail        |       |       |       |   172 |   209 ||   381
Dodge: Dodged            |    55 |   206 |   131 |   182 |   291 ||   865
Block: Other             |       |       |    46 |   114 |       ||   160
       Reflection        |       |       |     2 |     5 |    28 ||    35
       Buckler           |       |       |       |    13 |   357 ||   370
       Rpst.: Long sword |    19 |    59 |    39 |    20 |       ||   137
       Scimitar          |       |       |       |    34 |    76 ||   110
